cohdb
Replays
Latest Replays
All Replays
Popular Replays
Top Player Replays
Match Explorer
How It Works
Community
CoH3 Stats
Reddit
Sign in to upload your games and track your stats! →
Sign in with Steam
Match 40566675
Unlisted
Match 40566675
Overview
Messages
Build Orders
End
Selects Italian Combined Arms Battlegroup
Selects Bersaglieri Squad
Bersaglieri Squad
250 Light Carrier
Bersaglieri Squad
Construct Light Support Kompanie
Selects Bersaglieri Bolster
2.5-tonne Medical Truck
Fire Support Elements
Bersaglieri Squad
Flakvierling Half-track
Selects Breda Model 30 Light Machine Guns
Pak 38 Mechanized Group
Combat Half-tracks
Construct Panzerarmee Kommand
Armored Reserves
Selects Semovente da 75/18 Assault Gun
Selects Strafing Run
Selects Artillery Cover
Artillery Cover
Tiger Heavy Tank
Forward Retreat Point
Walking Stuka Rocket Launcher
Emergency Repair Kits
Panzerpioneer Squad
davidj217
midmaster543210
Drink||Belzebuth
Tanith's Finest
A2O
abre.smb
Belfegor ๏̯͡๏
Dsadow
0
0
Comments
sign in to comment!
No comments posted yet!